 Dungeon Crawl Stone Soup version 0.31.0-11-ge490571c62 (webtiles) character file.

Game seed: 9687253917679259783

195 qw the Shooter (level 5, 0/26 HPs)
             Began as a Spriggan Hunter on Feb 3, 2024.
             Killed by nerve-wracking pain
             ... invoked by Grinder
              (7 damage)
             ... on level 4 of the Dungeon.
             The game lasted 00:00:07 (1758 turns).

qw the Shooter (Spriggan Hunter)                    Turns: 1758, Time: 00:00:08

Health: 0/26       AC:  2    Str:  7    XL:     5   Next: 45%
Magic:  6/6        EV: 20    Int: 10    God:
Gold:   250        SH:  0    Dex: 21    Spells: 4/4 levels left

rFire   . . .        a - +2 shortbow
rCold   . . .        (shield currently unavailable)
rNeg    . . .        c - +0 robe
rPois   .            (helmet restricted)
rElec   .            (no cloak)
rCorr   .            (gloves unavailable)
SInv    +            (boots unavailable)
Will    .....        (no amulet)
Stlth   ++           (no ring)
HPRegen 0.24/turn    (no ring)
MPRegen 0.10/turn

%: no passive effects
@: very quick
A: very small, no large weapons, unfitting armour, see invisible, speed 3
a: no special abilities


You were on level 4 of the Dungeon.
You visited 1 branch of the dungeon, and saw 4 of its levels.

You collected 250 gold pieces.


Innate Abilities, Weirdness & Mutations

You are very small and have problems with some larger weapons.
You are too small for most types of armour.
You have supernaturally acute eyesight. (SInv)
You cover ground extremely quickly. (Speed+++)


   Skills:
 - Level 2.1 Fighting
 + Level 5.6 Ranged Weapons
 - Level 5.0 Dodging
 - Level 1.5 Stealth


You had 4 spell levels left.
You didn't know any spells.
Your spell library was empty.

Inventory:

Hand Weapons
 a - a +2 shortbow (weapon)
Armour
 c - a +0 robe (worn)
Potions
 d - a potion of curing
 e - a potion of ambrosia {unknown}
 f - a potion of mutation {unknown}

Dungeon Overview and Level Annotations

Branches:
Dungeon (4/15)
 Temple: D:4-7

Altars:

Shops:
D:3 (   D:4 :

Annotations:
D:4 Grinder


Message History

Grinder closely misses you.
You shoot an arrow. The arrow hits Grinder!
Grinder is moderately wounded.
Grinder gestures at you. You resist with significant effort.
You shoot an arrow. The arrow hits Grinder.
Grinder is moderately wounded.
Grinder completely misses you.
You shoot an arrow. The arrow closely misses Grinder.
Grinder hits you.
You writhe in agony.
You shoot an arrow. The arrow hits Grinder.
Grinder is heavily wounded.
Grinder gestures at you. You resist with some effort.
Grinder barely misses you.
You shoot an arrow. The arrow hits Grinder.
Grinder is heavily wounded.
Grinder hits you.
You shoot an arrow. The arrow closely misses Grinder.
Grinder sighs, "No one appreciates my work."
Grinder closely misses you.
You shoot an arrow. The arrow hits Grinder.
Grinder is severely wounded.
Grinder hits you.
You writhe in agony.
You shoot an arrow.
The arrow hits Grinder but does no damage.
Grinder is severely wounded.
Grinder gestures at you. You resist with some effort.
You shoot an arrow. The arrow hits Grinder.
Grinder is almost dead.
Grinder gestures at you. You resist with some effort.
You shoot an arrow. The arrow hits Grinder.
Grinder is almost dead.
Grinder hits you but does no damage.
You shoot an arrow. The arrow closely misses Grinder.
Grinder gestures at you. Pain shoots through your body!
You die...
Grinder says, "Now the real fun starts!"

.\.. #......#
....##......#
...........#
#...>.....#
###.........#
............#
............#
#5@###.#######
#..........<.#
#.#..........#
#<#.....<....#
#.#..........#
#.#..........#
..#..........#
..#..........#
#..#..........#


You could see Grinder.

Vanquished Creatures
  An iguana (D:3)
  5 gnolls
  5 adders
  4 dart slugs
  4 ribbon worms
  4 orcs (D:3)
  5 ball pythons
  10 endoplasms
  3 goblins
  4 hobgoblins
  4 quokkas (D:3)
  4 bats
  2 frilled lizards (D:1)
  A kobold (D:2)
  7 rats
63 creatures vanquished.

Notes
Turn   | Place    | Note
-------+----------+-------------------------------------------
     0 | D:1      | qw the Spriggan Hunter began the quest for the Orb.
     0 | D:1      | Reached XP level 1. HP: 10/10 MP: 2/2
     0 | D:1      | 0 ||| qw: Version: 0.3-a-155-g5e7d8dd
     0 | D:1      | 0 ||| qw: Game counter: 3290
     0 | D:1      | 0 ||| qw: Melee chars always use a shield: true
     0 | D:1      | 0 ||| qw: God list: Okawaru
     0 | D:1      | 0 ||| qw: Allow faded altars: false
     0 | D:1      | 0 ||| qw: Do Orc after clearing Dungeon:15 true
     0 | D:1      | 0 ||| qw: Do second Lair branch before Depths: true
     0 | D:1      | 0 ||| qw: Lair rune preference: random
     0 | D:1      | 0 ||| qw: Goals: Normal
     0 | D:1      | 0 ||| PLANNING D:1-11
    79 | D:1      | Reached skill level 3 in Dodging
   378 | D:1      | Reached XP level 2. HP: 14/14 MP: 3/3
   512 | D:1      | 512 ||| READING scroll labelled UFONOSK JEMEON.
   512 | D:1      | 512 ||| ENCHANTING +0 shortbow.
   513 | D:1      | 513 ||| DROPPING scroll of butterflies.
   611 | D:2      | 611 ||| RETREEEEATING.
   613 | D:2      | 613 ||| RETREEEEATING.
   617 | D:2      | Reached XP level 3. HP: 18/18 MP: 4/4
   629 | D:2      | 629 ||| FLEEEEING.
   630 | D:2      | 630 ||| STAIRDANCE
   771 | D:2      | Reached XP level 4. HP: 17/22 MP: 5/5
   848 | D:2      | 848 ||| READING scroll of enchant weapon.
   848 | D:2      | 848 ||| ENCHANTING +1 shortbow.
   899 | D:2      | Found a faded altar of an unknown god.
  1371 | D:3      | Found Wituakk's Weapon Shoppe.
  1375 | D:3      | Reached XP level 5. HP: 26/26 MP: 6/6
  1628 | D:3      | 1628 ||| READING scroll labelled YFEDGH OHUOMIOK.
  1629 | D:3      | 1629 ||| READING scroll labelled JEL IMNURRIEM.
  1678 | D:3      | 1678 ||| READING scroll labelled ROTIGE SIEREJU.
  1679 | D:3      | 1679 ||| READING scroll labelled HECOZ DOHECYST.
  1679 | D:3      | 1679 ||| IDENTIFYING metallic purple potion
  1743 | D:4      | Found Nocere's Self-Published Books.
  1743 | D:4      | Noticed Grinder
  1754 | D:4      | HP: 6/26 [Grinder (5)]
  1758 | D:4      | Killed from afar by Grinder

Levels and vault maps discovered:
D:1:      doesnt_arrival_eight_statues, layout_basic
D:2:      layout_rooms, hellmonk_ecumenical_altar_zigzags
D:3:      layout_rooms, serial_shops, nicolae_shop_just_a_little_nook,
          kennysheep_potato
D:4:      layout_rooms, tso_metal_star, overflow_temple_1_default,
          nicolae_custom_books, uniq_eustachio, uniq_grinder

Skill      XL: |  1  2  3  4 |
---------------+-------------+-----
Dodging        | 4 5 |  5.0
Ranged Weapons | 5 |  5.6
Fighting       | 2 |  2.1
Stealth        | |  1.5

Action                     |  1- 3 |  4- 6 || total
---------------------------+-------+-------++-------
   Fire: Shortbow          |    82 |   109 ||   191
    Use: Scroll            |     1 |     5 ||     6
 Armour: Robe              |     8 |     7 ||    15
  Dodge: Dodged            |    31 |    38 ||    69

Table legend:
 A = Non-vault XP
 B = Vault XP
 C = Vault XP percentage of total XP
 D = Non-vault monster count
 E = Vault monster count
 F = Vault count percentage of total count
                 A         B        C        D         E       F
            +---------+---------+-------+---------+---------+-------
      Total |     272 |       7 |   2.5 |      60 |       3 |   4.8
            +---------+---------+-------+---------+---------+-------
        D:1 |      32 |       0 |   0.0 |      13 |       0 |   0.0
        D:2 |      73 |       0 |   0.0 |      20 |       0 |   0.0
        D:3 |     159 |       7 |   4.2 |      24 |       3 |  11.1
        D:4 |       8 |       0 |   0.0 |       3 |       0 |   0.0
            +---------+---------+-------+---------+---------+-------
